 Dungeon Crawl Stone Soup version 0.25-a0-766-g0ecfff5982 (webtiles) character file.

Game seed: 2142769001560051063, levelgen mode: deterministic

132045 Ezendos the Brawler (level 17, -1/95 HPs)
             Began as a Vine Stalker Transmuter on Apr 12, 2020.
             Was the Champion of Ru.
             Slain by an eight-headed hydra (11 damage)
             ... on level 4 of the Swamp on Apr 13, 2020.
             The game lasted 02:25:12 (31092 turns).

Ezendos the Brawler (Vine Stalker Transmuter)      Turns: 31092, Time: 02:25:13

Health: -1/95      AC:  9    Str: 20    XL:     17   Next: 11%
Magic:  0/30       EV: 16    Int: 16    God:    Ru [******]
Gold:   299        SH:  0    Dex: 13    Spells: 7/32 levels left

rFire    . . .     SeeInvis .     - Unarmed
rCold    . . .     Gourm    .   (shield unavailable)
rNeg     . . .     Faith    .   Y - +1 leather armour of Qecyabim {rPois Str+3 Int+4}
rPois    +         Spirit   +   (no helmet)
rElec    .         Reflect  .   J - +0 cloak
rCorr    .         Harm     .   y - +0 pair of gloves
MR       ++...                  p - +2 pair of boots
Stlth    ..........             O - amulet of regeneration
HPRegen  1.45/turn              (ring unavailable)
MPRegen  0.22/turn              W - ring of wizardry

@: very slightly contaminated
A: fangs 3, clumsy 1, dopey 1, regeneration 2, weak 1, magic shield, antimagic
bite, no potion heal 3, rot immunity, missing a hand, no stealth, hated by all
a: Draw Out Power, Power Leap, Apocalypse, Renounce Religion


You were on level 4 of the Swamp.
You worshipped Ru.
Ru was exalted by your worship.
You were hungry.

You visited 4 branches of the dungeon, and saw 27 of its levels.
You visited 1 bazaar.
You also visited: Ossuary and Ice Cave.

You collected 2762 gold pieces.
You spent 2463 gold pieces at shops.

Inventory:

Hand Weapons
 a - the +6 falchion of the Snake Pit {vorpal, rElec rPois}
   (You found it on level 6 of the Dungeon)

   It inflicts extra damage upon your enemies.
   It insulates you from electricity.
   It protects you from poison.
Missiles
 f - a throwing net (quivered)
 K - 34 poisoned darts
 T - 7 javelins
Armour
 p - a +2 pair of boots (worn)
 y - a +0 pair of gloves (worn)
 J - a +0 cloak (worn)
 P - a +4 ring mail of fire resistance
 Y - the +1 leather armour of Qecyabim (worn) {rPois Str+3 Int+4}
   (You found it on level 10 of the Dungeon)

   It affects your strength (+3).
   It affects your intelligence (+4).
   It protects you from poison.
Jewellery
 e - an uncursed ring of poison resistance
 g - an uncursed ring of protection from cold
 i - an uncursed ring of positive energy
 r - an uncursed ring of protection from fire
 I - the ring of Woeseuto {Int+4 Dex+6 Stlth+}
   (You bought it in a shop in a bazaar)

   [ring of stealth]

   It affects your intelligence (+4).
   It affects your dexterity (+6).
   It makes you more stealthy.
 O - an amulet of regeneration (around neck)
 W - a ring of wizardry (right hand)
 Z - an uncursed ring of see invisible
Wands
 b - a wand of iceblast (34)
 n - a wand of flame (21)
 u - a wand of polymorph (8)
 v - a wand of digging (9)
 C - a wand of random effects (21)
 G - a wand of paralysis (15)
 L - a wand of scattershot (5)
 R - a wand of clouds (8)
 S - a wand of acid (6)
 X - a wand of disintegration (23)
Scrolls
 c - 15 scrolls of teleportation
 j - a scroll of holy word
 k - 4 scrolls of fear
 m - a scroll of vulnerability {unknown}
 q - 6 scrolls of blinking
 z - 7 scrolls of immolation
 E - 12 scrolls of remove curse
 H - 6 scrolls of fog
 Q - a scroll of acquirement {unknown}
 U - 2 scrolls of magic mapping
Potions
 h - 8 potions of stabbing
 l - 11 potions of curing
 o - 5 potions of haste
 t - 6 potions of flight
 w - 7 potions of might
 x - 3 potions of cancellation
 A - a potion of berserk rage
 B - 3 potions of resistance
 D - 3 potions of brilliance
 F - 4 potions of lignification
 M - a potion of ambrosia {unknown}
 N - 2 potions of invisibility
 V - 4 potions of mutation
Comestibles
 d - 47 rations


   Skills:
 + Level 13.3 Fighting
 - Level 2.0 Armour
 + Level 8.6 Dodging
 + Level 15.5 Unarmed Combat
 - Level 8.1 Spellcasting
 - Level 4.0 Charms
 - Level 4.0 Translocations
 - Level 11.8 Transmutations
 - Level 3.0 Ice Magic
 - Level 10.0 Earth Magic
 - Level 5.1 Evocations


You had 7 spell levels left.
You knew the following spells:

 Your Spells              Type           Power        Failure   Level  Hunger
a - Beastly Appendage     Tmut           #####.       1%          1    None
b - Ice Form              Ice/Tmut       ####....     2%          4    ####...
c - Blade Hands           Tmut           #####.....   1%          5    #####..
d - Statue Form           Tmut/Erth      #####....    9%          6    #######
e - Dragon Form           Tmut           #####.....   32%         7    #######
A - Shroud of Golubria    Chrm/Tloc      ###...       1%          2    None

Your spell library contained the following spells:

 Spells                   Type           Power        Failure   Level  Hunger
 Apportation              Tloc           ###...       1%          1    None
 Infusion                 Chrm           ###.         1%          1    None
 Spider Form              Tmut/Pois      ####......   1%          3    ##.....
 Corona                   Hex            #......      5%          1    None
 Foxfire                  Conj/Fire      #...         5%          1    None
 Magic Dart               Conj           #...         5%          1    None
 Leda's Liquefaction      Hex/Erth       ###.......   6%          4    ####...
 Hydra Form               Tmut           #####.....   6%          6    #######
 Spectral Weapon          Hex/Chrm       ##......     7%          3    ##.....
 Searing Ray              Conj           #.....       8%          2    None
 Irradiate                Conj/Tmut      ####......   12%         5    #####..
 Conjure Flame            Conj/Fire      #.......     16%         3    ##.....
 Dazzling Flash           Conj/Hex       #.....       16%         3    ##.....
 Inner Flame              Hex/Fire       #.......     16%         3    ##.....
 Iskenderun's Mystic Bla  Conj/Tloc      ##......     22%         4    ####...
 Bolt of Magma            Conj/Fire/Erth ###.......   32%         5    #####..
 Fulminant Prism          Conj/Hex       #.........   43%         4    ####...
 Sticky Flame             Conj/Fire      #.......     43%         4    ####...
 Iskenderun's Battlesphe  Conj/Chrm      ##......     50%         5    #####..
 Metabolic Englaciation   Hex/Ice        ##........   56%         5    #####..
 Iron Shot                Conj/Erth      ###.......   65%         6    #######
 Fireball                 Conj/Fire      #.........   77%         5    #####..
 Ozocubu's Refrigeration  Ice            ###.......   89%         6    #######
 Freezing Cloud           Conj/Ice/Air   #.........   99%         6    #######
 Orb of Destruction       Conj           #.........   100%        7    #######
 Shatter                  Erth           #####.....   100%        9    #######
 Sticks to Snakes         Tmut           Unusable     N/A         2    N/A
 Animate Skeleton         Necr           Unusable     N/A         1    N/A
 Summon Butterflies       Summ           Unusable     N/A         1    N/A
 Summon Small Mammal      Summ           Unusable     N/A         1    N/A
 Call Canine Familiar     Summ           Unusable     N/A         3    N/A
 Summon Ice Beast         Ice/Summ       Unusable     N/A         4    N/A
 Summon Mana Viper        Hex/Summ       Unusable     N/A         5    N/A
 Simulacrum               Ice/Necr       Unusable     N/A         6    N/A
 Spellforged Servitor     Conj/Summ      Unusable     N/A         7    N/A
 Summon Hydra             Summ           Unusable     N/A         7    N/A

Dungeon Overview and Level Annotations

Branches:
Dungeon (15/15)            Temple (0/1) D:5            Lair (6/6) D:9
  Swamp (4/4) Lair:3        Snake (0/4) Lair:3        Slime (0/5) Lair:5
    Orc (2/2) D:9             Elf (0/3) Orc:2        Vaults (0/5) D:13
 Depths (0/5) D:15        Ossuary (visited)           IceCv (visited)

Altars:
Ashenzari
Elyvilon
Fedhas
Hepliaklqana
Kikubaaqudgha
Nemelex Xobeh
Qazlal
Ru
Trog
Uskayaw
Vehumet
Wu Jian
Xom
Zin
Beogh
Jiyva

Shops:
D:4 }   D:9 (!::   D:12 =   Orc:2 %:=}   Swamp:1 *

Portals:
Trove: D:12 (show abyssal rune of Zot)

Annotations:
Lair:1 exclusions: hydra and oklob plant
Lair:5 exclusions: oklob plant and 1 more exclusion
Lair:6 2 exclusions


Innate Abilities, Weirdness & Mutations

You have razor-sharp teeth.
You are clumsy. (Dex -2)
You are dopey. (Int -2)
You heal very quickly.
You are weak. (Str -2)
When hurt, damage is shared between your health and your magic reserves.
Your bite disrupts and absorbs the magic of your enemies.
Potions cannot restore your health.
You are immune to rotting.
You are missing a hand.
You cannot be stealthy.
You are hated by all.


Message History

Found a chain mail.
The alligator puts on a burst of speed!
The alligator bites you! The alligator tail-slaps you! The alligator bites you!
The alligator tail-slaps you.
The alligator bites you but does no damage.
The alligator closely misses you.
You enter the shallow water.
Moving in this stuff is going to be slow.
The alligator bites you!! The alligator closely misses you.
The eight-headed hydra is stunned by your will and fails to attack.
There is a stone staircase leading up, spattered with blood here.
The alligator bites you!! The alligator tail-slaps you.
The eight-headed hydra bites you!
The eight-headed hydra closely misses you.
The eight-headed hydra bites you!
* * * LOW HITPOINT WARNING * * *
The eight-headed hydra bites you!
* * * LOW HITPOINT WARNING * * *
The eight-headed hydra bites you!
You die...

♣♣♣♣♣ ♣♣..≈♣
♣≈≈≈≈♣♣♣♣♣♣
♣.≈≈@Dy≈.≈♣ ♣
♣≈...t≈≈..♣♣♣
.♣♣♣
♣♣♣≈....§♣.≈♣
≈...≈
♣.≈≈≈.....♣..≈≈≈≈
♣≈≈≈..≈≈≈≈≈.≈≈≈≈≈
♣≈..≈≈≈≈≈≈.≈≈≈≈≈≈
♣≈...≈≈≈≈≈.≈.≈≈≈≈
♣♣♣..≈≈≈≈≈.≈≈...≈
♣..≈≈≈.≈≈.♣♣♣.≈


You could see an alligator, an eight-headed hydra and a hornet.

Vanquished Creatures
  Nikola (Swamp:2)
  Frances (Swamp:2)
  A thorn hunter (Swamp:3)
  A frost giant (IceCv)
  3 orc warlords (Orc:1)
  An ironheart preserver (D:13)
  A stone giant (Orc:1)
  2 green draconians (Swamp:3)
  9 hydras
  3 ghost crabs
  2 death knights
  5 centaur warriors
  4 two-headed ogres
  11 death yaks
  12 alligators
  Urug (Lair:6)
  4 orc high priests (Orc:2)
  A spriggan druid (Swamp:3)
  3 unseen horrors
  8 swamp dragons
  A wizard (D:15)
  An orc knight (D:15)
  8 orc sorcerers
  2 deep elf magi (D:15)
  9 ugly things
  5 manticores
  3 cyclopes
  9 elephants
  A guardian serpent (shapeshifter) (D:15)
  2 centaur zombies
  3 black mambas
  6 gargoyles
  An ice statue (IceCv)
  21 spiny frogs
  6 komodo dragons
  3 rime drakes
  3 freezing wraiths
  A kobold demonologist (D:14)
  10 trolls
  3 meliai (Lair:5)
  17 polar bears
  A queen bee (Lair:5)
  A jumping spider (shapeshifter) (D:15)
  A queen bee (shapeshifter) (D:15)
  8 hornets
  6 slime creatures
  13 blink frogs
  6 bog bodies
  11 tyrant leeches
  9 hippogriffs
  A hippogriff (shapeshifter) (D:14)
  A shadow (D:13)
  4 spriggans
  5 hogs (Lair:6)
  3 wyverns
  64 yaks
  A wraith (D:13)
  2 vampires
  A basilisk (shapeshifter) (D:13)
  A hungry ghost (D:9)
  18 vampire mosquitoes
  7 wargs
  6 swamp worms
  15 insubstantial wisps
  A naga (Lair:3)
  3 hell hounds (Lair:6)
  A soldier ant (D:11)
  16 water moccasins
  5 porcupines
  6 swamp drakes
  34 orc warriors
  2 black bears
  3 ice beasts
  5 sky beasts
  An eye of draining (D:11)
  A hornet zombie (D:15)
  3 phantoms
  A black bear (shapeshifter) (D:15)
  8 ogres
  18 centaurs
  15 wolves (IceCv)
  3 boggarts (D:15)
  11 crocodiles
  An elf zombie (Ossuary)
  10 bullfrogs
  3 big kobolds
  Blork the orc (D:4)
  A wyvern zombie (D:12)
  8 scorpions
  3 wyvern skeletons
  40 killer bees
  13 wights
  9 howler monkeys
  10 crimson imps
  2 quasits
  A bullfrog zombie (D:9)
  A human zombie (Ossuary)
  7 jellies
  6 bullfrog skeletons
  4 centaur skeletons
  32 orc priests
  7 hounds
  34 orc wizards
  4 iguanas
  Ijyb (D:4)
  Natasha (thrice) (D:4)
  7 worker ants
  6 hell rats (Lair:6)
  2 big kobold zombies (Ossuary)
  A hound skeleton (D:7)
  2 mummies (Ossuary)
  8 gnolls
  17 adders
  3 shadow imps
  2 adder zombies
  3 worms (D:2)
  9 leopard geckos
  96 orcs
  7 ball pythons
  10 bats
  9 giant cockroaches
  5 goblins
  10 hobgoblins
  16 jackals
  2 quokkas
  4 frilled lizards
  A goblin zombie (Ossuary)
  3 hobgoblin zombies (Ossuary)
  A jackal skeleton (D:6)
  3 jackal zombies (Ossuary)
  20 kobolds
  4 kobold zombies (Ossuary)
  A leopard gecko zombie (D:5)
  10 orc zombies (Ossuary)
  A quokka zombie (D:7)
  2 rats (D:1)
  6 fungi
  7 plants (Lair:5)
990 creatures vanquished.

Vanquished Creatures (collateral kills)
  A scorpion (D:5)
  A hound (D:4)
  An orc priest (D:4)
  An orc wizard (D:4)
  An adder (D:3)
  A ball python (D:4)
  2 hobgoblin zombies (Ossuary)
  4 kobold zombies (Ossuary)
  A rat zombie (Ossuary)
13 creatures vanquished.

Vanquished Creatures (others)
  A spiny frog (Lair:6)
  A sky beast (D:13)
  A boggart (D:15)
  A centaur (D:15)
  A wyvern skeleton (D:14)
  2 killer bees (D:12)
  A howler monkey (D:13)
  2 orc priests (Orc:2)
  An orc (D:13)
  12 fungi
  9 plants
32 creatures vanquished.

Grand Total: 1035 creatures vanquished

Notes
Turn   | Place    | Note
-------+----------+-------------------------------------------
     0 | D:1      | Ezendos the Vine Stalker Transmuter began the quest for the
                  | Orb.
     0 | D:1      | Reached XP level 1. HP: 9/9 MP: 4/4
    57 | D:1      | Reached skill level 1 in Fighting
   162 | D:1      | Reached XP level 2. HP: 11/15 MP: 4/6
   188 | D:1      | Learned a level 2 spell: Sticks to Snakes
   615 | D:1      | Reached XP level 3. HP: 15/19 MP: 5/7
  1851 | D:2      | Found a shimmering altar of Xom.
  2103 | D:3      | Gained mutation: Your natural rate of healing is unusually
                  | fast. [Vine Stalker growth]
  2103 | D:3      | Reached XP level 4. HP: 22/23 MP: 8/8
  2112 | D:3      | Found a white marble altar of Elyvilon.
  2254 | D:3      | Found a sacrificial altar of Ru.
  2273 | D:3      | Became a worshipper of Ru the Awakened
  2972 | D:4      | Found Inunt's Gadget Shop.
  2980 | D:4      | Reached XP level 5. HP: 25/28 MP: 4/9
  2981 | D:4      | Noticed Ijyb
  2993 | D:4      | Killed Ijyb
  3085 | D:5      | Entered Level 5 of the Dungeon
  3093 | D:4      | Bought a wand of iceblast (12) for 176 gold pieces
  3097 | D:4      | Found a bloodstained altar of Trog.
  3240 | D:4      | Reached skill level 4 in Unarmed Combat
  3240 | D:4      | Reached XP level 6. HP: 21/32 MP: 5/10
  3352 | D:4      | Noticed a phantom
  3399 | D:4      | Killed a phantom
  3399 | D:4      | Reached skill level 5 in Transmutations
  3520 | D:4      | Found a sand-covered staircase.
  3541 | Ossuary  | Entered an ossuary
  3905 | Ossuary  | Reached XP level 7. HP: 31/36 MP: 11/11
  4052 | Ossuary  | Gained mutation: You are clumsy. (Dex -2) [Ru sacrifice]
  4397 | D:4      | Noticed Blork the orc
  4433 | D:4      | Killed Blork the orc
  4433 | D:4      | Reached skill level 1 in Stealth
  4526 | D:4      | Noticed Natasha
  4540 | D:4      | Killed Natasha
  4599 | D:4      | Noticed Natasha
  4606 | D:4      | Killed Natasha
  4729 | D:4      | Noticed Natasha
  4740 | D:4      | Killed Natasha
  4740 | D:4      | Gained mutation: You have razor-sharp teeth. [Vine Stalker
                  | growth]
  4740 | D:4      | Reached XP level 8. HP: 33/40 MP: 8/12
  4795 | D:5      | Reached skill level 5 in Unarmed Combat
  5543 | D:5      | Learned a level 5 spell: Blade Hands
  5546 | D:5      | Found a glowing silver altar of Zin.
  5554 | D:5      | Found a staircase to the Ecumenical Temple.
  5560 | D:5      | Found a stormy altar of Qazlal.
  5561 | D:5      | Found a hazy altar of Hepliaklqana.
  5562 | D:5      | Found a sparkling altar of Nemelex Xobeh.
  5565 | D:5      | Found an ornate altar of the Wu Jian Council.
  6222 | D:6      | Found a blossoming altar of Fedhas.
  6495 | D:5      | Reached skill level 6 in Unarmed Combat
  6807 | D:6      | Reached skill level 1 in Armour
  7105 | D:6      | Gained mutation: You are missing a hand. [Ru sacrifice]
  7105 | D:6      | Reached * piety under Ru
  7105 | D:6      | Reached ** piety under Ru
  7105 | D:6      | Reached *** piety under Ru
  7263 | D:6      | Reached XP level 9. HP: 25/45 MP: 6/16
  7514 | D:6      | Got a smoking falchion
  7827 | D:6      | Identified the +6 falchion of the Snake Pit {vorpal, rElec
                  | rPois} (You found it on level 6 of the Dungeon)
  7932 | D:7      | Reached skill level 5 in Fighting
  8748 | D:8      | Reached skill level 7 in Unarmed Combat
  9104 | D:8      | Reached XP level 10. HP: 18/53 MP: 8/17
  9328 | D:8      | Found a hide-covered altar of Uskayaw.
  9329 | D:8      | Found a radiant altar of Vehumet.
  9354 | D:8      | Gained mutation: You are hated by all. [Ru sacrifice]
  9354 | D:8      | Reached **** piety under Ru
  9354 | D:8      | Reached ***** piety under Ru
 10113 | D:9      | Found Woeguelu's Book Emporium.
 10113 | D:9      | Noticed a two-headed ogre
 10123 | D:9      | Killed a two-headed ogre
 10123 | D:9      | Reached skill level 8 in Unarmed Combat
 10123 | D:9      | Reached skill level 1 in Evocations
 10192 | D:9      | Noticed a two-headed ogre
 10215 | D:9      | Reached skill level 5 in Spellcasting
 10231 | D:9      | Found a staircase to the Lair.
 10310 | D:9      | Found a staircase to the Orcish Mines.
 10674 | D:9      | Found a shattered altar of Ashenzari.
 10676 | D:9      | Noticed a manticore
 10708 | Lair:1   | Entered Level 1 of the Lair of Beasts
 10998 | Lair:1   | Noticed a spiny frog
 11009 | Lair:1   | Killed a spiny frog
 11074 | Lair:1   | Noticed an elephant
 11077 | Lair:1   | Found an ancient bone altar of Kikubaaqudgha.
 11077 | Lair:1   | Noticed an oklob plant
 11093 | Lair:1   | Noticed a black mamba
 11100 | Lair:1   | Killed a black mamba
 11100 | Lair:1   | Reached XP level 11. HP: 60/60 MP: 16/21
 11345 | Lair:1   | Noticed an eight-headed hydra
 11401 | Lair:2   | Learned a level 4 spell: Ice Form
 11443 | Lair:2   | Reached skill level 1 in Ice Magic
 11621 | Lair:2   | Gained mutation: You are dopey. (Int -2) [Ru sacrifice]
 13180 | Lair:3   | You fall into a shaft and drop 3 floors!
 13180 | Lair:6   | Entered Level 6 of the Lair of Beasts
 13394 | Lair:5   | Noticed a five-headed hydra
 13426 | Lair:4   | Gained mutation: You cannot be stealthy. [Ru sacrifice]
 13499 | Lair:3   | Reached skill level 10 in Fighting
 13514 | Lair:3   | Reached skill level 9 in Unarmed Combat
 13554 | Lair:3   | Reached skill level 10 in Transmutations
 13583 | Lair:3   | Found a staircase to the Snake Pit.
 13590 | Lair:3   | Gained mutation: You heal very quickly. [Vine Stalker
                  | growth]
 13590 | Lair:3   | Reached XP level 12. HP: 62/67 MP: 13/22
 13706 | Lair:4   | Found a frozen archway.
 13711 | IceCv    | Entered an ice cave
 13785 | IceCv    | Reached skill level 10 in Unarmed Combat
 14253 | IceCv    | Noticed a death yak
 14262 | IceCv    | Killed a death yak
 14262 | IceCv    | Reached skill level 5 in Evocations
 14267 | IceCv    | Reached skill level 11 in Unarmed Combat
 14340 | IceCv    | Noticed a death yak
 14340 | IceCv    | Noticed a frost giant
 14346 | IceCv    | Killed a death yak
 14354 | IceCv    | Killed a frost giant
 14354 | IceCv    | Reached skill level 12 in Unarmed Combat
 14364 | IceCv    | Reached XP level 13. HP: 72/72 MP: 21/24
 14862 | Lair:3   | Reached skill level 13 in Unarmed Combat
 15783 | Lair:4   | Gained mutation: You are weak. (Str -2) [Ru sacrifice]
 15783 | Lair:4   | Reached ****** piety under Ru
 15912 | Lair:5   | Reached skill level 14 in Unarmed Combat
 16828 | Lair:5   | Found a viscous altar of Jiyva.
 16828 | Lair:5   | Found a staircase to the Slime Pits.
 17066 | Lair:5   | Reached skill level 5 in Dodging
 17269 | Lair:6   | Reached XP level 14. HP: 51/77 MP: 14/25
 17420 | Lair:6   | Noticed Urug
 17429 | Lair:6   | Killed Urug
 18305 | D:10     | Entered Level 10 of the Dungeon
 18985 | D:9      | Reached skill level 15 in Unarmed Combat
 19013 | D:9      | Found Ulexach's Book Boutique.
 19228 | D:9      | Found Uwefux's Weapon Boutique.
 19327 | D:9      | Found Fasutauxtu's Distillery.
 19421 | D:9      | Bought a book of the Earth for 910 gold pieces
 19428 | D:9      | Learned a level 6 spell: Statue Form
 20026 | D:10     | Reached skill level 1 in Earth Magic
 20048 | D:10     | Identified the Papyrus of Augmentations
 20063 | D:10     | Learned a level 2 spell: Shroud of Golubria
 20115 | D:10     | Got a translucent leather armour
 20141 | D:10     | Identified the cursed +1 leather armour of Qecyabim {rPois
                  | Str+3 Int+4} (You found it on level 10 of the Dungeon)
 20935 | D:11     | Identified the +1 quarterstaff of Neemel {venom, Str+2}
 21068 | D:11     | Reached skill level 5 in Earth Magic
 21279 | D:12     | You fall into a shaft and drop 1 floor!
 21313 | D:13     | Reached XP level 15. HP: 74/82 MP: 26/26
 21426 | D:13     | Found a flickering gateway to a bazaar.
 21435 | Bazaar   | Entered a bazaar
 21435 | Bazaar   | Found Sishrarr's Assorted Antiques.
 21435 | Bazaar   | Found Cosesk's Jewellery Shop.
 21435 | Bazaar   | Found Pear's Armour Shoppe.
 21435 | Bazaar   | Found Kaim's Gadget Shop.
 21437 | Bazaar   | Found Xealosots's Antique Weapon Shoppe.
 21437 | Bazaar   | Found Heigh's Book Boutique.
 21461 | Bazaar   | Bought a pitted pewter ring for 140 gold pieces
 21462 | Bazaar   | Identified the ring of Woeseuto {Int+4 Dex+6 Stlth+} (You
                  | bought it in a shop in a bazaar)
 21477 | Bazaar   | Bought a wand of iceblast (7) for 112 gold pieces
 21655 | D:12     | Found Nahalyah's Jewellery Shoppe.
 22218 | D:12     | Found a portal to a secret trove of treasure.
 22736 | D:13     | Found a gate to the Vaults.
 23618 | D:14     | Reached skill level 10 in Earth Magic
 23900 | D:15     | Entered Level 15 of the Dungeon
 24178 | D:15     | Upgraded the game from 0.25-a0-737-g26c3a87c45 to
                  | 0.25-a0-766-g0ecfff5982
 24322 | D:15     | Found a staircase to the Depths.
 24943 | Orc:1    | Entered Level 1 of the Orcish Mines
 24953 | Orc:1    | Noticed an orc warlord
 24962 | Orc:1    | Killed an orc warlord
 25117 | Orc:1    | Paralysed by an orc sorcerer for 6 turns
 25125 | Orc:1    | Noticed an orc warlord
 25248 | Orc:1    | Killed an orc warlord
 25389 | Orc:1    | Noticed an orc warlord
 25407 | Orc:1    | Killed an orc warlord
 25407 | Orc:1    | Reached XP level 16. HP: 80/88 MP: 27/27
 25779 | Orc:2    | Entered Level 2 of the Orcish Mines
 25790 | Orc:2    | Learned a level 7 spell: Dragon Form
 26054 | Orc:1    | Found a roughly hewn altar of Beogh.
 26690 | Orc:2    | Found Nuiryaz's Food Emporium.
 26690 | Orc:2    | Found Waumn's Gadget Shoppe.
 26690 | Orc:2    | Found Leho Riy's Jewellery Shoppe.
 26696 | Orc:2    | Found Kilugur's Book Emporium.
 26786 | Orc:2    | Found a staircase to the Elven Halls.
 27038 | D:9      | Bought a potion of might for 52 gold pieces
 27038 | D:9      | Bought a potion of invisibility for 104 gold pieces
 27038 | D:9      | Bought a potion of cancellation for 104 gold pieces
 27038 | D:9      | Bought a potion of lignification for 39 gold pieces
 27038 | D:9      | Bought 2 potions of haste for 260 gold pieces
 27038 | D:9      | Bought a potion of lignification for 39 gold pieces
 27151 | D:12     | Bought an uncursed ring of protection from fire for 400
                  | gold pieces
 27436 | Lair:3   | Found a staircase to the Swamp.
 27442 | Swamp:1  | Entered Level 1 of the Swamp
 27946 | Swamp:1  | Found Pakarar's Island Escapes.
 27950 | Swamp:1  | Bought a scroll of blinking for 127 gold pieces
 29014 | Swamp:2  | Noticed Frances
 29291 | Swamp:2  | Noticed Nikola
 29309 | Swamp:2  | Killed Nikola
 29313 | Swamp:2  | Killed Frances
 29896 | Swamp:3  | Reached skill level 1 in Charms
 29896 | Swamp:3  | Reached skill level 1 in Translocations
 30311 | Swamp:3  | Reached XP level 17. HP: 95/95 MP: 18/28
 31055 | Swamp:4  | Entered Level 4 of the Swamp
 31092 | Swamp:4  | Slain by an eight-headed hydra

Levels and vault maps discovered:
D:1:      dpeg_arrival_snail, layout_basic, st_stairs_5
D:2:      layout_loops_ring, old_standard_altar, first_ration,
          hangedman_decor_lopped
D:3:      layout_loops_cross, nicolae_overflow_crystal_walls, elyvilon_altar_5
D:4:      layout_rooms, kennysheep_mini, nicolae_ossuary_entry_ruins,
          serial_shops, shop, minmay_snake_closets, uniq_ijyb,
          uniq_blork_the_orc, uniq_natasha
D:5:      layout_layer_cave, minitemple, minmay_temple_entry_overgrown,
          minmay_misc_feat_square
D:6:      cheibrodos_thug_alley, layout_basic, fedhas_bush_and_centaur_altar,
          gup_sewer_entry_spiral, minmay_strange_pillars
D:7:      layout_cave_pods, the_bakery, st_stairs_1
D:8:      layout_basic, grunt_temple_overflow_open, nicolae_lava_and_water
D:9:      layout_loops_corners, ashenzari_altar_1, dpeg_oklobed_lair,
          orc_0_dummy, serial_shops,
          nicolae_shop_temple_entry_statues_fountains, shop,
          kennysheep_little_box, shop
D:10:     layout_rooms, serial_aquarium, aquarium_bridge_square
          [aquarium_subvault_wall, aquarium_subvault_bridge,
          aquarium_subvault_bridge, aquarium_subvault_wall],
          aquarium_bridge_straight [aquarium_subvault_bridge,
          aquarium_subvault_balcony, aquarium_subvault_bridge,
          aquarium_subvault_window], aquarium_window_2, aquarium_window_corner,
          aquarium_view_2a, nooodl_orcs_dogs
D:11:     layout_rooms, minmay_pinched_square
D:12:     layout_long_grid, serial_shops, nicolae_shop_stone,
          nicolae_trove_entry_free_sample, lemuel_old_faithful
D:13:     layout_loops_ring, skrybe_vaults_entry_preservation, serial_shops,
          bzr_firewalk
D:14:     layout_irregular_city, grunt_decor_one_mirror
D:15:     gammafunk_enter_depths_forms, layout_basic
Lair:1:   layout_chaotic_city, nicolae_volcano_entry_s_turn, lemuel_oklob_altar
Lair:2:   layout_small_grid, serial_bayou_shore_a, grunt_megastairs_2
Lair:3:   layout_regular_city, minmay_swamp_entry_worms,
          guppyfry_snake_entry_garden, beast_lair_carwin_9
Lair:4:   layout_small_grid, portal_ice_cave_entry_pillars_1,
          chequers_serial_rivers_small_a
Lair:5:   layout_long_grid, dpeg_slime_entry_enclosed_altar, special_room
          [special_room_bee]
Lair:6:   cheibrodos_lair_end_hotspot, layout_long_grid, serial_bayou_pond_e,
          minivault_26, uniq_kirke, uniq_urug
Swamp:1:  layout_falls_marsh, evilmike_swamp_ruin_house_1, swamp_pool1,
          nicolae_island_escapes
Swamp:2:  layout_basic_swamp, evilmike_swamp_ruin_rubble_2, swamp_pool2,
          uniq_frances, uniq_nikola
Swamp:3:  layout_basic_swamp, evilmike_swamp_ruin_house_2, swamp_pool3,
          hangedman_swamp_dais
Swamp:4:  swamp_vile, layout_basic_swamp, hangedman_swamp_lotus
Orc:1:    layout_diamond_mine, mines1_david
Orc:2:    st_orc_mages, layout_diamond_mine

Skill      XL: |  1  2  3  4  5  6  7  8  9 10 11 12 13 14 15 16 17 |
---------------+----------------------------------------------------+-----
Fighting       | 1 2 3 4 6 8 10 11 12 13 | 13.3
Transmutations | 3 4 6 7 8 9 10 11 | 11.8
Unarmed Combat | 4 6 7 8 9 12 14 15 | 15.5
Stealth        | 2 0 |  0.0
Spellcasting   | 4 6 7 8 |  8.1
Armour         | 1 2 |  2.0
Dodging        | 2 6 8 |  8.6
Evocations     | 3 5 |  5.1
Ice Magic      | 3 |  3.0
Earth Magic    | 5 10 | 10.0
Charms         | 4 |  4.0
Translocations | 4 |  4.0

Action                   |  1- 3 |  4- 6 |  7- 9 | 10-12 | 13-15 | 16-18 || total
-------------------------+-------+-------+-------+-------+-------+-------++-------
Melee: Unarmed           |   134 |   177 |   461 |   415 |  1083 |   477 ||  2747
       Headbutt          |    14 |    29 |    58 |     4 |     5 |       ||   110
       Bite              |    19 |    39 |   120 |    83 |   236 |   101 ||   598
       Kick              |     7 |       |       |       |       |       ||     7
       Punch             |     2 |     1 |     4 |       |       |       ||     7
       Falchion          |       |       |     9 |       |       |       ||     9
Throw: Stone             |     1 |       |       |       |       |       ||     1
       Boomerang         |       |       |     1 |       |       |       ||     1
 Cast: Beastly Appendage |    26 |    21 |    37 |     5 |     3 |     1 ||    93
       Sticks to Snakes  |     1 |    22 |    11 |       |       |       ||    34
       Blade Hands       |       |       |    15 |    32 |    77 |    24 ||   148
       Ice Form          |       |       |       |    14 |    26 |    13 ||    53
       Statue Form       |       |       |       |       |     1 |    11 ||    12
       Shroud of Golubri |       |       |       |       |     1 |     1 ||     2
Invok: Sacrifice Purity  |       |       |     1 |     1 |     1 |       ||     3
       Sacrifice a Hand  |       |       |     1 |       |       |       ||     1
       Draw Out Power    |       |       |     1 |       |     1 |       ||     2
       Sacrifice Love    |       |       |       |     1 |       |       ||     1
       Sacrifice Stealth |       |       |       |     1 |       |       ||     1
       Apocalypse        |       |       |       |     1 |     4 |       ||     5
       Power Leap        |       |       |       |       |     4 |     1 ||     5
 Abil: End Transformatio |       |       |     2 |     9 |    13 |     7 ||    31
Evoke: Wand              |       |       |       |     4 |     5 |     4 ||    13
  Use: Scroll            |       |     9 |     6 |     9 |    11 |     3 ||    38
       Potion            |       |       |       |     1 |       |       ||     1
 Stab: Sleeping          |       |       |     2 |     1 |       |       ||     3
       Invisible         |       |       |     1 |     3 |    16 |     7 ||    27
       Paralysed         |       |       |       |     5 |    20 |     6 ||    31
       Distracted        |       |       |       |     3 |     5 |     1 ||     9
       Petrified         |       |       |       |       |     1 |       ||     1
  Eat: Chunk             |     4 |     4 |    17 |    28 |    58 |    31 ||   142
       Ration            |       |     1 |     2 |     1 |     2 |     1 ||     7
Armor: Robe              |    33 |    12 |       |       |       |       ||    45
       Leather armour    |       |    30 |    74 |    19 |    59 |    40 ||   222
       Ring mail         |       |       |    37 |       |    40 |     1 ||    78
       Troll leather arm |       |       |       |    46 |       |       ||    46
       Skin              |       |       |       |    25 |    51 |    69 ||   145
Dodge: Dodged            |    73 |    91 |   242 |   168 |   524 |   280 ||  1378
       Rpst.: Falchion   |       |       |     2 |       |       |       ||     2

Table legend:
 A = Non-vault XP
 B = Vault XP
 C = Vault XP percentage of total XP
 D = Non-vault monster count
 E = Vault monster count
 F = Vault count percentage of total count
                 A         B        C        D         E       F
            +---------+---------+-------+---------+---------+-------
      Total |  136953 |   51683 |  27.4 |     723 |     271 |  27.3
            +---------+---------+-------+---------+---------+-------
        D:1 |      36 |       4 |  10.0 |      22 |       2 |   8.3
        D:2 |      51 |       0 |   0.0 |      17 |       0 |   0.0
        D:3 |      63 |       0 |   0.0 |      14 |       0 |   0.0
        D:4 |     604 |     230 |  27.6 |      21 |      15 |  41.7
        D:5 |     666 |       0 |   0.0 |      17 |       0 |   0.0
        D:6 |     808 |     252 |  23.8 |      26 |      17 |  39.5
        D:7 |     705 |     228 |  24.4 |      16 |       3 |  15.8
        D:8 |    1670 |       0 |   0.0 |      41 |       0 |   0.0
        D:9 |    3883 |       0 |   0.0 |      25 |       0 |   0.0
       D:10 |    2367 |    2109 |  47.1 |      26 |      14 |  35.0
       D:11 |    8017 |    4498 |  35.9 |      48 |      13 |  21.3
       D:12 |    7316 |       0 |   0.0 |      51 |       0 |   0.0
       D:13 |    6040 |    1872 |  23.7 |      34 |       7 |  17.1
       D:14 |    5950 |       0 |   0.0 |      31 |       0 |   0.0
       D:15 |   10502 |    3717 |  26.1 |      37 |      12 |  24.5
     Lair:1 |    7276 |       0 |   0.0 |      21 |       0 |   0.0
     Lair:2 |    2284 |     784 |  25.6 |      11 |       4 |  26.7
     Lair:3 |    4757 |    2359 |  33.2 |      12 |       8 |  40.0
     Lair:4 |    6871 |       0 |   0.0 |      19 |       0 |   0.0
     Lair:5 |    7149 |    2473 |  25.7 |      23 |      25 |  52.1
     Lair:6 |    9114 |    2317 |  20.3 |      38 |       9 |  19.1
    Swamp:1 |   13184 |       0 |   0.0 |      40 |       0 |   0.0
    Swamp:2 |    6478 |    4809 |  42.6 |      12 |       2 |  14.3
    Swamp:3 |   16750 |    6137 |  26.8 |      33 |       8 |  19.5
    Swamp:4 |     249 |       0 |   0.0 |       1 |       0 |   0.0
      Orc:1 |   13213 |       0 |   0.0 |      75 |       0 |   0.0
      Orc:2 |     950 |    5748 |  85.8 |      12 |      45 |  78.9
    Ossuary |       0 |     246 | 100.0 |       0 |      35 | 100.0
      IceCv |       0 |   13900 | 100.0 |       0 |      52 | 100.0
            +---------+---------+-------+---------+---------+-------
